 Dungeon Crawl Stone Soup version 0.29-a0-559-g359e09b9d1 (webtiles) character file.

Game seed: 11674999635738855485

71238 grumblor the Warrior (level 14, 0/128 HPs)
             Began as a Mummy Fighter on June 10, 2022.
             Was an Initiate of Gozag.
             Slain by an Executioner (14 damage)
             ... on level 1 of the Abyss.
             The game lasted 01:01:42 (23433 turns).

grumblor the Warrior (Mummy Fighter)               Turns: 23433, Time: 01:01:42

Health: 0/128      AC: 45    Str: 24    XL:     14   Next: 97%
Magic:  14/14      EV:  9    Int: 10    God:    Gozag
Gold:   3524       SH: 10    Dex: 15    Spells: 13/13 levels left

rFire   . . .      SeeInvis .   C - +8 lance "Wyrmbane" {slay drac, rPois rF+ rC+ AC+3}
rCold   + + .      Faith    .   G - +0 kite shield
rNeg    + + +      Spirit   .   F - +14 crystal plate armour "Bushuapt" {+Inv Int+3 Stlth+}
rPois   ∞          Reflect  .   D - +2 hat
rElec   .          Harm     .   a - +1 cloak
rCorr   .          Rampage  .   v - +1 pair of gloves {Dex+3}
Will    +....                   (no boots)
Stlth   ..........              t - amulet of regeneration
HPRegen 1.11/turn               i - +4 ring of slaying
MPRegen 0.14/turn               e - +4 ring of evasion

@: studying Armour
A: cold resistance 1, negative energy resistance 3, torment resistance 2, heat
vulnerability 1, in touch with death 2, no potions
a: Renounce Religion, Evoke Invisibility, Potion Petition, Call Merchant, Bribe
Branch


You were on level 1 of the Abyss.
You worshipped Gozag.
Gozag was most pleased with you.
You visited 5 branches of the dungeon, and saw 22 of its levels.
You visited the Abyss 1 time.
You also visited: Bailey and Gauntlet.

You collected 6850 gold pieces.
You spent 2347 gold pieces at shops.
You paid 979 gold pieces to Gozag.

Inventory:

Hand Weapons
 g - a +0 war axe of flaming
 C - the +8 lance "Wyrmbane" (weapon) {slay drac, rPois rF+ rC+ AC+3}
   (You bought it in a shop on level 2 of the Orcish Mines)

   It inflicts extra damage against dragons and draconians.
   AC:        It affects your AC (+3).
   rF:        It protects you from fire.
   rC:        It protects you from cold.
   rPois:     It protects you from poison.
 E - a +0 broad axe
 I - the +2 hand axe of Prudence {drain, rPois rC+ rN+}
   (You found it on level 4 of the Lair of Beasts)

   A truly terrible weapon, it drains the life of any living foe it strikes.
   rC:        It protects you from cold.
   rPois:     It protects you from poison.
   rN:        It protects you from negative energy.
Missiles
 c - 11 silver javelins
 f - 39 poisoned darts (quivered)
 l - 3 silver boomerangs
 u - 32 boomerangs
 z - 2 javelins
Armour
 a - a +1 cloak (worn)
 v - a +1 pair of gloves of dexterity (worn)
 D - a +2 hat (worn)
 F - the +14 crystal plate armour "Bushuapt" (worn) {+Inv Int+3 Stlth+}
   (You acquired it in a bailey)

   Int:       It affects your intelligence (+3).
   +Inv:      It lets you turn invisible.
   Stlth:     It makes you more stealthy.
 G - a +0 kite shield (worn)
 H - the +1 cloak of the Eternal Fruit {*Slow rElec Regen+ SInv}
   (You found it in a Gauntlet)

   rElec:     It insulates you from electricity.
   SInv:      It lets you see invisible.
   Regen:     It increases your rate of health regeneration.
   *Slow:     It may slow you when you take damage.
Jewellery
 d - a ring of flight
 e - a +4 ring of evasion (right hand)
 i - a +4 ring of slaying (left hand)
 t - an amulet of regeneration (around neck)
 w - a ring of protection from cold
 K - the amulet of the Freezing Gods {Acrobat +Blink rF++ rCorr Int-5}
   (You found it in a Gauntlet)

   [amulet of the acrobat]

   It increases your evasion while moving and waiting.
   Int:       It affects your intelligence (-5).
   rF:        It greatly protects you from fire.
   +Blink:    It lets you blink.
   rCorr:     It protects you from acid and corrosion.
Wands
 h - a wand of paralysis (16)
 k - a wand of mindburst (6)
 n - a wand of flame (50)
 q - a wand of acid (6)
Scrolls
 b - 7 scrolls of teleportation
 j - 2 scrolls of torment
 m - 10 scrolls of fear
 o - a scroll of summoning
 r - a scroll of poison
 s - 2 scrolls of blinking
 x - 3 scrolls of enchant armour
 y - 6 scrolls of magic mapping
 A - 4 scrolls of fog
 B - 14 scrolls of identify
Miscellaneous
 p - a piece from Xom's chessboard (15/15)
 J - a phantom mirror


   Skills:
 * Level 17.0 Fighting
 + Level 10.6 Axes
 - Level 2.0 Throwing
 + Level 12.0 Armour
 * Level 4.7 Dodging
 + Level 6.3 Shields
 * Level 7.7 Evocations


You had 13 spell levels left.
You didn't know any spells.
Your spell library contained the following spells:

 Spells                   Type           Power      Damage    Failure   Level
 Apportation              Tloc           0%         N/A       100%        1
 Necrotize                Necr           0%         1d4       100%        1
 Summon Small Mammal      Summ           0%         N/A       100%        1
 Blink                    Tloc           0%         N/A       100%        2
 Poisonous Vapours        Pois/Air       0%         N/A       100%        2
 Scorch                   Fire           0%         2d5       100%        2
 Dazzling Flash           Conj/Hex       0%         N/A       100%        3
 Ozocubu's Armour         Ice            0%         N/A       100%        3
 Portal Projectile        Hex/Tloc       0%         N/A       100%        3
 Tukima's Dance           Hex            0%         N/A       100%        3
 Airstrike                Air            0%         N/A       100%        4
 Dispel Undead            Necr           0%         3d6       100%        4
 Flame Wave               Conj/Fire      0%         2d4       100%        4
 Iskenderun's Mystic Bla  Conj/Tloc      0%         2d3       100%        4
 Summon Lightning Spire   Summ/Air       0%         N/A       100%        4
 Lightning Bolt           Conj/Air       0%         1d11      100%        5
 Manifold Assault         Tloc           0%         N/A       100%        5
 Metabolic Englaciation   Hex/Ice        0%         N/A       100%        5
 Death Channel            Necr           0%         N/A       100%        6
 Starburst                Conj/Fire      0%         6d3       100%        6
 Summon Cactus Giant      Summ           0%         N/A       100%        6
 Corpse Rot               Necr/Pois/Air  Unusable   N/A       N/A         4
 Blade Hands              Tmut           Unusable   N/A       N/A         5
 Simulacrum               Ice/Necr       Unusable   N/A       N/A         6
 Storm Form               Tmut/Air       Unusable   N/A       N/A         7

Dungeon Overview and Level Annotations

Branches:
Dungeon (12/15)            Temple (1/1) D:7            Lair (6/6) D:11
  Swamp (1/4) Lair:2       Spider (0/4) Lair:3        Slime (0/5) Lair:5
    Orc (2/2) D:12            Elf (0/3) Orc:2        Bailey (visited)
Gauntlet (visited)

Altars:
Ashenzari
Dithmenos
Elyvilon
Fedhas
Gozag
Hepliaklqana
Kikubaaqudgha
Qazlal
Ru
Wu Jian
Xom
Zin
The Shining One
Beogh

Shops:
Orc:2 *[:(

Portals:
Abyss: Lair:5

Annotations:
Lair:5 2 transporters, Etewkasm's ghost, journeyman TrMo


Innate Abilities, Weirdness & Mutations

You are immune to poison.
Your flesh is cold resistant. (rC+)
You are immune to negative energy. (rN+++)
You are immune to unholy pain and torment.
You are vulnerable to heat. (rF-)
You are strongly in touch with the powers of death.
You do not drink.


Message History

You puncture the Executioner!
The Executioner is heavily wounded.
You block the Executioner's attack. The Executioner barely misses you.
You block the Executioner's attack. The Executioner closely misses you.
The Executioner hits you.
* * * LOW HITPOINT WARNING * * *
You block the Executioner's attack.
The Executioner hits you but does no damage.
The Executioner barely misses you.
The Executioner hits you but does no damage.
You hit the Executioner but do no damage.
The Executioner is heavily wounded.
The Executioner hits you!
* * * LOW HITPOINT WARNING * * *
The Executioner hits you but does no damage. x2
The Executioner barely misses you. You block the Executioner's attack.
The Executioner hits you but does no damage.
Okay, then. [a] - 928 gold - invisibility, might, resistance and haste [b] - 378 gold - might, brilliance and resistance [c] - 135 gold - heal wounds Purchase which effect?
You feel much better. You block the Executioner's attack. x2
The Executioner hits you but does no damage. x3
The Executioner hits you.
* * * LOW HITPOINT WARNING * * *
The Executioner hits you but does no damage.
You block the Executioner's attack. x2
You hit the Executioner.
The Executioner is heavily wounded.
The Executioner hits you but does no damage.
You block the Executioner's attack. x2; The Executioner hits you.
* * * LOW HITPOINT WARNING * * *
The Executioner hits you.
* * * LOW HITPOINT WARNING * * *
The Executioner hits you.
* * * LOW HITPOINT WARNING * * *
The Executioner hits you!
You die...
Your body crumbles into a pile of gold.

. ... ... .
#..... ####
#....# #
#......# ..
.. ..###
......#.#.#
#..
..##..##
.####.#..##
# # #..#@#
# # #.#1..#
.. ## ##..#
### .# # #


You could see an Executioner (fast).

Vanquished Creatures
  Gastronok (Lair:3)
  A balrug (Gauntlet)
  An orc warlord (Orc:2)
  A minotaur (Gauntlet)
  3 hydras
  2 boulder beetles
  Erica (D:8)
  A two-headed ogre (D:9)
  An alligator (Swamp:1)
  3 orc high priests (Orc:2)
  Urug (Lair:4)
  A goliath frog (Swamp:1)
  Amaemon (Lair:3)
  2 bog bodies (Lair:2)
  Pikel (D:8)
  6 orc knights
  A necromancer (Gauntlet)
  3 oklob plants
  The ghost of turdburglar the Vexing, a novice GnAM (D:4)
  4 orc sorcerers (Orc:2)
  A wolf spider (Lair:6)
  2 cyclopes
  17 elephants
  Joseph (D:8)
  A guardian serpent (Lair:6)
  11 black mambas
  3 gargoyles
  2 torpor snails
  An orange demon (Lair:3)
  4 komodo dragons
  3 rime drakes
  2 kobold demonologists (Bailey)
  10 cane toads
  Psyche (D:8)
  A meliai (Lair:3)
  2 polar bears
  A large abomination (Abyss:1)
  Grinder (D:3)
  2 hornets (Lair:6)
  The ghost of bchevrier the Grasshopper, an amateur GnWr of Wu Jian (D:4)
  4 trolls
  Prince Ribbit (D:5)
  3 dream sheep (Lair:2)
  16 blink frogs
  2 shadows (D:12)
  The ghost of IxAlonexI the Ruffian, an amateur TrBe of Trog (D:4)
  13 wyverns
  66 yaks
  3 wraiths
  A water elemental (D:12)
  3 vampire mosquitoes (D:12)
  The ghost of turdburglar the Slasher, an amateur HOMo of Hepliaklqana (D:4)
  4 basilisks
  A redback (Lair:6)
  A steam dragon (D:8)
  A chaos spawn (Gauntlet)
  A neqoxec (Gauntlet)
  The ghost of om the Insei, an amateur MfTm (D:4)
  2 swamp worms (Lair:2)
  3 wargs
  An acid dragon (D:11)
  18 water moccasins
  2 hell hounds (Gauntlet)
  2 ice beasts
  41 orc warriors
  A black bear (Lair:1)
  2 sky beasts (D:6)
  An ogre (Orc:1)
  2 centaurs
  11 wolves
  2 lemures (D:8)
  2 kobold brigands
  17 bullfrogs
  A necrophage (D:6)
  A scorpion (D:5)
  2 gnoll sergeants
  8 wights
  8 killer bees
  8 howler monkeys
  10 electric eels
  31 orc priests
  4 jellies
  3 gnoll shamans
  Crazy Yiuf (D:4)
  3 hounds
  4 iguanas
  An iron imp (Abyss:1)
  Terence (D:3)
  31 orc wizards
  15 hell rats
  25 gnolls
  4 adders
  12 river rats (Lair:3)
  4 shadow imps
  2 white imps
  81 orcs
  11 ball pythons
  7 endoplasms
  4 giant cockroaches
  13 goblins
  7 hobgoblins
  5 quokkas (D:1)
  5 bats
  A frilled lizard (D:1)
  9 kobolds
  3 rats
658 creatures vanquished.

Vanquished Creatures (others)
  An orc wizard (D:11)
  4 demonic plants (Gauntlet)
  38 fungi
  115 plants
158 creatures vanquished.

Grand Total: 816 creatures vanquished

Notes
Turn   | Place    | Note
-------+----------+-------------------------------------------
     0 | D:1      | grumblor the Mummy Fighter began the quest for the Orb.
     0 | D:1      | Reached XP level 1. HP: 18/18 MP: 1/1
   155 | D:1      | Found a faded altar of an unknown god.
   364 | D:1      | Reached XP level 2. HP: 24/24 MP: 2/2
  1173 | D:2      | Gained mutation: You are in touch with the powers of death.
                  | [Mummy growth]
  1173 | D:2      | Reached XP level 3. HP: 29/29 MP: 3/3
  1958 | D:3      | Noticed Terence
  2189 | D:3      | Killed Terence
  2190 | D:3      | Reached skill level 1 in Dodging
  2305 | D:3      | Reached XP level 4. HP: 35/35 MP: 4/4
  2306 | D:3      | Found a broken altar of Ashenzari.
  2578 | D:3      | Noticed Grinder
  2591 | D:3      | Paralysed by Grinder for 2 turns
  2599 | D:3      | Paralysed by Grinder for 5 turns
  2608 | D:3      | Paralysed by Grinder for 2 turns
  2610 | D:3      | Killed Grinder
  2611 | D:3      | Reached skill level 4 in Fighting
  2611 | D:3      | Reached skill level 1 in Throwing
  2611 | D:3      | Reached XP level 5. HP: 41/42 MP: 5/5
  2611 | D:3      | Reached XP level 6. HP: 47/48 MP: 6/6
  3831 | D:4      | Found a shimmering altar of Xom.
  3899 | D:4      | Found a runed translucent gate.
  3899 | D:4      | Found a runed translucent gate.
  3901 | D:4      | Found a runed translucent gate.
  3901 | D:4      | Noticed bchevrier's ghost (amateur GnWr)
  3901 | D:4      | Noticed om's ghost (amateur MfTm)
  3902 | D:4      | Noticed IxAlonexI's ghost (amateur TrBe)
  3902 | D:4      | Noticed turdburglar's ghost (novice GnAM)
  3902 | D:4      | Noticed turdburglar's ghost (amateur HOMo)
  4200 | D:4      | Found a runed translucent door.
  4201 | D:4      | Noticed Crazy Yiuf
  4806 | D:4      | Killed Crazy Yiuf
  4807 | D:4      | Reached XP level 7. HP: 36/55 MP: 7/7
  4857 | D:5      | Entered Level 5 of the Dungeon
  4872 | D:5      | Reached skill level 1 in Evocations
  5423 | D:5      | Noticed Prince Ribbit
  5431 | D:5      | Killed Prince Ribbit
  5611 | D:5      | Found a shadowy altar of Dithmenos.
  5617 | D:5      | Reached skill level 5 in Fighting
  5617 | D:5      | Reached XP level 8. HP: 56/62 MP: 8/8
  5901 | D:5      | You fall into a shaft and drop 3 floors!
  6103 | D:7      | Reached skill level 5 in Axes
  6350 | D:6      | Reached skill level 6 in Fighting
  6390 | D:5      | Found a sacrificial altar of Ru.
  6651 | D:5      | Reached XP level 9. HP: 58/70 MP: 9/9
  6701 | D:6      | Reached skill level 7 in Fighting
  6958 | D:6      | Found an ornate altar of the Wu Jian Council.
  7084 | D:7      | Found a stormy altar of Qazlal.
  7095 | D:7      | Reached skill level 8 in Fighting
  7136 | D:7      | Found a staircase to the Ecumenical Temple.
  7145 | Temple   | Entered the Ecumenical Temple
  7266 | Temple   | Became a worshipper of Gozag Ym Sagoz the Greedy
  7862 | D:4      | Killed turdburglar's ghost
  7863 | D:4      | Reached skill level 9 in Fighting
  7863 | D:4      | Reached skill level 5 in Armour
  7876 | D:4      | Killed bchevrier's ghost
  7877 | D:4      | Reached XP level 10. HP: 75/83 MP: 10/10
  7880 | D:4      | Killed turdburglar's ghost
  7887 | D:4      | Killed IxAlonexI's ghost
  7895 | D:4      | Killed om's ghost
  8091 | D:8      | Reached skill level 10 in Fighting
  8121 | D:8      | Identified the +3 long sword of the Pharaoh's Fist {drain,
                  | Fly Int+4}
  8165 | D:8      | Noticed Erica
  8192 | D:8      | Killed Erica
  8251 | D:8      | Noticed Psyche
  8259 | D:8      | Killed Psyche
  8265 | D:8      | Found an ancient bone altar of Kikubaaqudgha.
  8277 | D:8      | Noticed Joseph
  8303 | D:8      | Killed Joseph
  8504 | D:8      | Reached skill level 11 in Fighting
  8514 | D:8      | Noticed Pikel
  8535 | D:8      | Killed Pikel
  8893 | D:9      | Found a flagged portal.
  8949 | D:9      | Found a blossoming altar of Fedhas.
  8993 | Bailey   | Entered a bailey
  9034 | Bailey   | Reached skill level 12 in Fighting
  9369 | Bailey   | Noticed an orc knight
  9387 | Bailey   | Killed an orc knight
  9388 | Bailey   | Reached XP level 11. HP: 95/95 MP: 11/11
  9805 | Bailey   | Acquired the +14 crystal plate armour "Bushuapt" {+Inv
                  | Int+3 Stlth+}
 10168 | Bailey   | Found an iron altar of Okawaru.
 10177 | Bailey   | Noticed an orc knight
 10201 | Bailey   | Killed an orc knight
 11481 | D:10     | Entered Level 10 of the Dungeon
 11481 | D:10     | Noticed a two-headed ogre
 11489 | D:9      | Reached skill level 5 in Evocations
 11495 | D:9      | Killed a two-headed ogre
 11638 | D:10     | Reached skill level 13 in Fighting
 12053 | D:10     | Identified the +4 falchion of the Chain {vorpal, *Rage
                  | Str+7 Int+9 Dex-3}
 12160 | D:11     | Noticed a six-headed hydra
 12172 | D:11     | Killed a one-headed hydra
 12240 | D:11     | Noticed an oklob plant
 12241 | D:11     | Noticed an oklob plant
 12349 | D:11     | Reached XP level 12. HP: 88/105 MP: 12/12
 12518 | D:11     | Noticed a six-headed hydra
 12530 | D:11     | Killed a one-headed hydra
 12734 | D:11     | Identified the +8 chain mail of Lies {rElec Dex+3}
 12863 | D:11     | Found a staircase to the Lair.
 13199 | Lair:1   | Entered Level 1 of the Lair of Beasts
 13982 | Lair:1   | Identified the ring "Etilit" {rF- Str+2 Int+6 Dex+3 Stlth+}
 14248 | Lair:2   | Noticed a four-headed hydra
 14250 | Lair:2   | Reached skill level 5 in Shields
 14259 | Lair:2   | Killed a one-headed hydra
 14953 | Lair:2   | Found a staircase to the Swamp.
 15275 | Lair:3   | Found a hole to the Spider Nest.
 15308 | Lair:3   | Gained mutation: You are strongly in touch with the powers
                  | of death. [Mummy growth]
 15308 | Lair:3   | Reached XP level 13. HP: 72/112 MP: 13/13
 15435 | Lair:3   | Noticed Amaemon
 15466 | Lair:3   | Reached skill level 14 in Fighting
 15483 | Lair:3   | Killed Amaemon
 15655 | Lair:3   | Noticed Gastronok
 15679 | Lair:3   | Killed Gastronok
 16220 | Lair:4   | Noticed Urug
 16243 | Lair:4   | Killed Urug
 16314 | Lair:4   | Reached skill level 10 in Axes
 16931 | Lair:4   | Identified the +2 hand axe of Prudence {drain, rPois rC+
                  | rN+}
 17268 | Lair:5   | Found a transporter.
 17275 | Lair:5   | Found a one-way gate to the infinite horrors of the Abyss.
 17275 | Lair:5   | Noticed Etewkasm's ghost (journeyman TrMo)
 17426 | Lair:5   | Found a gate leading to a gauntlet.
 17464 | Gauntlet | Entered a Gauntlet
 17464 | Gauntlet | Found a transporter.
 17464 | Gauntlet | Found a transporter.
 17464 | Gauntlet | Found a transporter.
 17485 | Gauntlet | Found a transporter.
 17495 | Gauntlet | Found a transporter.
 17498 | Gauntlet | Found a transporter.
 17508 | Gauntlet | Found a transporter.
 17526 | Gauntlet | Noticed a balrug
 17527 | Gauntlet | Found a transporter.
 17531 | Gauntlet | Found a transporter.
 17534 | Gauntlet | Found a transporter.
 17544 | Gauntlet | Found a transporter.
 17545 | Gauntlet | Found a transporter.
 17953 | Gauntlet | Identified the amulet of the Freezing Gods {Acrobat +Blink
                  | rF++ rCorr Int-5}
 17986 | Gauntlet | Killed a balrug
 18005 | Gauntlet | Identified the +1 cloak of the Eternal Fruit {*Slow rElec
                  | Regen+ SInv}
 18084 | Gauntlet | Identified the +4 ring mail of Vyutui {Will+ Str-3 SInv}
 18084 | Gauntlet | Noticed a minotaur
 18102 | Gauntlet | Killed a minotaur
 18109 | Gauntlet | Identified the +0 troll leather armour "Qun Xebb" {rN+
                  | Regen+ Int+3}
 18260 | Lair:5   | Found a transporter.
 18267 | Lair:5   | Noticed a cacodemon
 18492 | Lair:5   | Reached skill level 10 in Armour
 18583 | Lair:5   | Found a staircase to the Slime Pits.
 18622 | Lair:5   | Reached skill level 15 in Fighting
 19161 | Lair:6   | Entered Level 6 of the Lair of Beasts
 19258 | Lair:6   | Reached XP level 14. HP: 123/123 MP: 14/14
 19639 | Lair:6   | Identified the +1 robe of Pathos {rElec}
 19784 | Lair:6   | Reached skill level 16 in Fighting
 20508 | Swamp:1  | Entered Level 1 of the Swamp
 20855 | D:12     | Found a staircase to the Orcish Mines.
 21563 | Orc:1    | Entered Level 1 of the Orcish Mines
 21764 | Orc:2    | Entered Level 2 of the Orcish Mines
 22223 | Orc:2    | Noticed an orc warlord
 22624 | Orc:2    | Killed an orc warlord
 22866 | Orc:2    | Found Witorer's General Store.
 22867 | Orc:2    | Found Loacriy's Book Emporium.
 22869 | Orc:2    | Found Kerghukk's Antique Armour Emporium.
 22869 | Orc:2    | Found Zaud's Antique Weapon Shoppe.
 22885 | Orc:2    | Bought a pair of embroidered gloves for 165 gold pieces
 22897 | Orc:2    | Bought a runed war axe for 162 gold pieces
 22897 | Orc:2    | Bought the +8 lance "Wyrmbane" {slay drac, rPois rF+ rC+
                  | AC+3} for 2020 gold pieces
 22897 | Orc:2    | Found the +8 lance "Wyrmbane" {slay drac, rPois rF+ rC+
                  | AC+3}
 23143 | Orc:2    | Reached skill level 17 in Fighting
 23243 | Orc:2    | Found a staircase to the Elven Halls.
 23316 | Orc:2    | Cast into level 1 of the Abyss (orc wizard)
 23411 | Abyss:1  | Noticed an Executioner
 23433 | Abyss:1  | Slain by an Executioner

Illustrated notes

Levels and vault maps discovered:
D:1:      amcnicky_arrival_wind_blow, layout_basic,
          shapermc_ecumenical_altar_mp_urbaneastern, minivault_25
D:2:      layout_basic, patterned_corridor
D:3:      layout_basic, cheibrodos_ashenzari_chains, serial_co_window_serial,
          co_window_of_opportunity_a, co_window_of_opportunity_a,
          co_window_cross_1, co_window_corner_a, co_window_of_opportunity_a,
          co_window_of_opportunity_b, co_window_corner_b,
          co_window_of_opportunity_b, co_window_broadway_c, co_window_corner_ca,
          co_window_2corner, co_window_of_opportunity_b, co_window_paths_e,
          co_window_4corner_b, glass_columns_a, glass_columns_b, chequers_jeans,
          uniq_grinder, uniq_terence
D:4:      layout_loops_corners, xom_teletrap_fun, gammafunk_ghost_cemetery,
          uniq_crazy_yiuf_cottage
D:5:      layout_loops_cross, nicolae_dithmenos_through_a_glass_darkly,
          nicolae_ru_path_of_blood, uniq_prince_ribbit1
D:6:      layout_rooms, mainiacjoe_overflow_brackets,
          nicolae_wu_jian_immortal_techniques
D:7:      nicolae_cairo_tiling, layout_cave_pools, lemuel_doored_altar,
          temple_fountains, serial_bayou, serial_bayou_shore_b,
          serial_bayou_pond_b, serial_bayou_pond_d, serial_bayou_shore_a
D:8:      layout_rooms, mainiacjoe_overflow_boulevard, uniq_erica, uniq_pikel,
          uniq_joseph, uniq_psyche
D:9:      layout_layer_cave, grunt_temple_overflow_open, enter_bailey_5
D:10:     layout_rooms, serial_glass, glass_columns_b, glass_columns_b,
          glass_columns_c, glass_columns_c
D:11:     layout_basic, dpeg_oklobed_lair
D:12:     layout_irregular_city, minmay_orc_entry_temple_small,
          nicolae_elyvilon_temple_path
Temple:   hc_temple_tempest_star
Lair:1:   layout_long_grid, nicolae_volcano_entry_s_turn
Lair:2:   layout_regular_city, nicolae_swamp_entry_splash_gauntlet,
          dreamdust_gnoll_shepherd, grunt_megastairs_1
Lair:3:   layout_long_grid, hellmonk_spider_entry_not_the_bees, serial_bayou,
          serial_bayou_pond_e, serial_bayou_pond_e, serial_bayou_shore_b,
          serial_bayou_pond_c, kennysheep_rathole, uniq_gastronok, uniq_amaemon
Lair:4:   layout_cave_pods, uniq_urug
Lair:5:   layout_cave_pods, minmay_slime_entry_oklob_open,
          gauntlet_entry_generic, gammafunk_ghost_abyssal_escape,
          infiniplex_staircase_pool
Lair:6:   hangedman_lair_tendril_chambers, layout_regular_city
Swamp:1:  layout_falls_marsh, ebering_ghost_xom, nicolae_swamp_oxbows,
          uniq_kirke
Orc:1:    layout_diamond_mine, basic_altar
Orc:2:    st_orc_congregation, layout_diamond_mine, rock_pile
Abyss:1:  base:
Lair:5

Skill      XL: |  1  2  3  4  5  6  7  8  9 10 11 12 13 14 |
---------------+-------------------------------------------+-----
Axes           | 2 3 4 6 8 9 10 | 10.6
Dodging        | 1 2 3 4 |  4.7
Fighting       | 4 5 6 9 12 13 15 17 | 17.0
Throwing       | 1 2 |  2.0
Armour         | 3 4 5 6 8 10 12 | 12.0
Evocations     | 2 3 4 5 6 7 |  7.7
Shields        | 3 4 5 6 |  6.3

Action                   |  1- 3 |  4- 6 |  7- 9 | 10-12 | 13-15 || total
-------------------------+-------+-------+-------+-------+-------++-------
Melee: War axe           |    83 |   104 |   304 |   174 |       ||   665
       Broad axe         |       |       |       |   519 |   225 ||   744
       Scimitar          |       |       |       |    20 |       ||    20
       Hand axe          |       |       |       |       |   870 ||   870
       Lance             |       |       |       |       |    32 ||    32
Throw: Dart              |       |     4 |     2 |    24 |    19 ||    49
       Boomerang         |       |       |    11 |     1 |     8 ||    20
       Throwing net      |       |       |       |     3 |     1 ||     4
       Javelin           |       |       |       |     2 |    12 ||    14
Invok: Potion Petition   |       |       |       |       |     2 ||     2
Evoke: Wand              |       |       |     1 |    50 |    14 ||    65
  Use: Scroll            |     5 |     2 |     2 |     4 |     6 ||    19
 Stab: Paralysed         |       |       |       |     9 |       ||     9
       Distracted        |       |       |       |     3 |     5 ||     8
Armor: Scale mail        |    28 |       |       |       |       ||    28
       Chain mail        |    12 |    51 |    45 |       |       ||   108
       Plate armour      |       |       |    92 |   102 |       ||   194
       Crystal plate arm |       |       |       |   544 |   860 ||  1404
Dodge: Dodged            |    43 |    43 |   184 |   377 |   430 ||  1077
Block: Buckler           |    22 |    26 |    65 |   117 |       ||   230
       Kite shield       |       |       |       |   179 |   604 ||   783

Table legend: (Time is in decaauts)
 A = Elapsed time spent in this place.
 B = Non-inter-level travel time spent in this place.
 C = Inter-level travel time spent in this place.
 D = Time resting spent in this place.
 E = Time spent auto-exploring this place.
 F = Levels seen in this place.
 G = Mean time per level.
                   A        B        C        D        E       F      G
               +--------+--------+--------+--------+--------+-----+--------+
         Total |  23973 |  22741 |   1232 |   2137 |  14315 |  25 |  958.9 |
       Dungeon |  12743 |  11966 |    777 |    995 |   8277 |  12 | 1061.9 |
        Temple |    139 |    121 |     18 |    100 |     12 |   1 |  139.0 |
          Lair |   6816 |   6418 |    398 |     21 |   4516 |   6 | 1136.0 |
         Swamp |     72 |     65 |      7 |      0 |     20 |   1 |   72.0 |
  Orcish Mines |   1738 |   1709 |     29 |    129 |    795 |   2 |  869.0 |
         Abyss |    114 |    114 |      0 |      0 |     75 |   1 |  114.0 |
        Bailey |   1613 |   1613 |      0 |    697 |    391 |   1 | 1613.0 |
      Gauntlet |    736 |    736 |      0 |    195 |    229 |   1 |  736.0 |
               +--------+--------+--------+--------+--------+-----+--------+

Top non-repeatable levels by time:
  Bailey: 1613 daAuts
     D:3: 1493 daAuts
     D:4: 1444 daAuts
     D:5: 1367 daAuts
   Orc:2: 1317 daAuts
  Lair:6: 1287 daAuts
     D:9: 1277 daAuts
  Lair:3: 1259 daAuts
     D:2: 1257 daAuts
  Lair:5: 1169 daAuts
    D:11: 1162 daAuts
     D:7: 1116 daAuts
  Lair:4: 1074 daAuts
  Lair:2: 1050 daAuts
  Lair:1: 974 daAuts
